 Dungeon Crawl Stone Soup version 0.26-a0-67-g850bfe6 (webtiles) character file.

Game seed: 3213018226598893555

77 operationiv the Skirmisher (level 4, -2/41 HPs)
             Began as a Minotaur Fighter on June 12, 2020.
             Was an Initiate of Makhleb.
             Slain by Grinder (5 damage)
             ... on level 3 of the Dungeon.
             The game lasted 00:02:43 (2132 turns).

operationiv the Skirmisher (Minotaur Fighter)       Turns: 2132, Time: 00:02:44

Health: -2/41      AC:  6    Str: 21    XL:     4   Next: 14%
Magic:  3/3        EV:  7    Int:  5    God:    Makhleb [......]
Gold:   132        SH:  9    Dex: 10    Spells: 3/3 levels left

rFire    . . .     SeeInvis .   a - +0 war axe
rCold    . . .     Gourm    .   c - +0 kite shield
rNeg     . . .     Faith    .   b - +0 scale mail
rPois    .         Spirit   .   (helmet restricted)
rElec    .         Reflect  .   (no cloak)
rCorr    .         Harm     .   (no gloves)
MR       .....                  (no boots)
Stlth    ..........             (no amulet)
HPRegen  0.13/turn              (no ring)
MPRegen  0.08/turn              (no ring)

@: mighty
A: retaliatory headbutt, horns 2
a: Renounce Religion


You were on level 3 of the Dungeon.
You worshipped Makhleb.
Makhleb was noncommittal.
You were not hungry.

You visited 1 branch of the dungeon, and saw 3 of its levels.

You collected 132 gold pieces.

Inventory:

Hand Weapons
 a - a +0 war axe (weapon)
Missiles
 g - 19 stones (quivered)
Armour
 b - a +0 scale mail (worn)
 c - a +0 kite shield (worn)
 t - a +0 pair of gloves
   (You found it on level 3 of the Dungeon)
Scrolls
 i - 3 scrolls of remove curse {unknown}
 l - 6 scrolls of identify {unknown}
 p - a scroll of amnesia {unknown}
 q - a scroll of enchant armour {unknown}
 r - a scroll of random uselessness {unknown}
 s - a scroll of enchant weapon {unknown}
Potions
 e - 2 potions of stabbing {unknown}
 h - 3 potions of curing {unknown}
 j - a potion of magic {unknown}
 k - a potion of flight {unknown}
 n - a potion of degeneration {unknown}
 o - a potion of lignification {unknown}
Comestibles
 f - 4 rations
 m - 8 chunks of flesh {@w0}


   Skills:
 + Level 4.4 Fighting
 * Level 4.3 Axes
 - Level 3.6 Armour
 - Level 3.6 Shields
 * Level 1.2 Invocations


You had 3 spell levels left.
You didn't know any spells.
Your spell library was empty.

Dungeon Overview and Level Annotations

Branches:
Dungeon (3/15)

Altars:
Makhleb
Yredelemnul
Zin

Annotations:
D:3 Grinder


Innate Abilities, Weirdness & Mutations

You reflexively headbutt those who attack you in melee.
You have a pair of horns on your head.


Message History

You barely miss the leopard gecko. You headbutt the leopard gecko.
You kill the leopard gecko!
Makhleb accepts your kill.
No target in view!
No target in view!
You butcher the leopard gecko corpse.
m - 11 chunks of flesh {@w0} (gained 2)
You see here a leopard gecko skeleton. x2
g - 27 stones (gained 1)
g - 28 stones (gained 1)
You open the door.
There is an open door here.
You open the door.
A worm comes into view.
There is an open door here.
Throwing (i - inventory)
g - 28 stones (quivered)
Aim: a worm You throw a stone.
The stone hits the worm.
You slash the worm!
You kill the worm!
Makhleb accepts your kill.
g - 28 stones (gained 1) Some of the chunks of flesh in your inventory have rotted away.
You now have 132 gold pieces (gained 3).
You open the door.
There is an open door here.
Found a stone staircase leading down.
There is a stone staircase leading down here.
Some of the chunks of flesh in your inventory have rotted away.
Grinder comes into view.
Grinder shouts!
Throwing (i - inventory)
g - 28 stones (quivered)
Aim: Grinder You throw a stone.
The stone barely misses Grinder.
Grinder says, "You look like you could use a good racking."
Grinder gestures at you. You resist with significant effort.
Throwing (i - inventory)
g - 27 stones (quivered)
Aim: Grinder You throw a stone.
The stone barely misses Grinder.
Throwing (i - inventory)
g - 26 stones (quivered)
Aim: Grinder You throw a stone.
The stone closely misses Grinder.
Throwing (i - inventory)
g - 25 stones (quivered)
Aim: Grinder You throw a stone.
The stone closely misses Grinder.
Grinder gestures at you. You resist with significant effort.
Grinder gestures at you. You resist with significant effort.
Throwing (i - inventory)
g - 24 stones (quivered)
Aim: Grinder You throw a stone.
The stone hits Grinder but does no damage.
Throwing (i - inventory)
g - 23 stones (quivered)
Aim: Grinder You throw a stone.
The stone hits Grinder but does no damage.
You closely miss Grinder. You headbutt Grinder. Grinder gestures at you.
You suddenly lose the ability to move!
Grinder hits you!
Grinder says, "DUCK!"
Grinder barely misses you.
You can move again.
You take 7 damage, and have 34/41 hp.
You closely miss Grinder.
Grinder blinks!
Grinder gestures at you.
You suddenly lose the ability to move!
Some of the chunks of flesh in your inventory have rotted away.
Grinder gestures at you.
You shrug off the repeated paralysis!
You can move again.
Throwing (i - inventory)
g - 22 stones (quivered)
Aim: Grinder You throw a stone.
The stone closely misses Grinder.
Throwing (i - inventory)
g - 21 stones (quivered)
Aim: Grinder You throw a stone.
The stone completely misses Grinder.
Throwing (i - inventory)
g - 20 stones (quivered)
Aim: Grinder You throw a stone.
The stone barely misses Grinder.
Grinder gestures at you. Pain shoots through your body!
You take 8 damage, and have 27/41 hp.
Grinder hits you!
You writhe in agony.
You take 8 damage, and have 19/41 hp.
You feel very mighty all of a sudden.
Grinder says, "I used to sell toenails on the black market."
Grinder hits you.
You writhe in agony.
* * * LOW HITPOINT WARNING * * *
You take 10 damage, and have 9/41 hp.
MASSIVE DAMAGE!!
You closely miss Grinder. You block Grinder's attack. Grinder hits you.
* * * LOW HITPOINT WARNING * * *
You take 4 damage, and have 5/41 hp.
Your shield and scale mail prevent you from hitting Grinder.
Your headbutt misses Grinder. Grinder hits you.
* * * LOW HITPOINT WARNING * * *
You writhe in agony.
You die...

...##.# #....# #.#
...##.# #....# #.#
...##.# #....# #.#
...##.# #....# #.#
...##.# #....# #.#
..)##.# #....# #.#
...##.# #....# #.# ####
#####################.#
...((((.@5((..........#
#######################


You could see Grinder.

Vanquished Creatures
  2 adders (D:3)
  2 worms
  6 leopard geckos
  An orc (D:3)
  3 giant cockroaches
  8 goblins
  3 hobgoblins
  2 jackals (D:3)
  A kobold (D:2)
  5 bats
  5 frilled lizards
  8 rats
46 creatures vanquished.

Notes
Turn   | Place    | Note
-------+----------+-------------------------------------------
     0 | D:1      | operationiv the Minotaur Fighter began the quest for the
                  | Orb.
     0 | D:1      | Reached XP level 1. HP: 19/19 MP: 0/0
   207 | D:1      | Reached skill level 3 in Axes
   283 | D:1      | Reached XP level 2. HP: 26/27 MP: 1/1
   744 | D:2      | Reached skill level 4 in Fighting
  1192 | D:2      | Reached XP level 3. HP: 30/33 MP: 2/2
  1352 | D:2      | Found a burning altar of Makhleb.
  1356 | D:2      | Noticed a cacodemon
  1359 | D:2      | Found a glowing silver altar of Zin.
  1360 | D:2      | Noticed an angel
  1377 | D:2      | Reached skill level 4 in Axes
  1394 | D:2      | Became a worshipper of Makhleb the Destroyer
  1646 | D:2      | Found a basalt altar of Yredelemnul.
  1962 | D:3      | Reached skill level 1 in Invocations
  1966 | D:3      | Reached XP level 4. HP: 41/41 MP: 3/3
  2113 | D:3      | Noticed Grinder
  2120 | D:3      | Paralysed by Grinder for 2 turns
  2123 | D:3      | Paralysed by Grinder for 3 turns
  2130 | D:3      | HP: 9/41 [Grinder (5)]
  2132 | D:3      | HP: 3/41 [Grinder (2)]
  2132 | D:3      | Slain by Grinder

Illustrated notes

Levels and vault maps discovered:
D:1:      minmay_arrival_radiant_lines, layout_basic, serial_glass,
          glass_columns_b, glass_columns_b
D:2:      layout_basic, grunt_temple_overflow_order_and_chaos_2,
          lemuel_crystal_altar
D:3:      layout_basic, uniq_grinder

Skill      XL: |  1  2  3 |
---------------+----------+-----
Axes           | 3 4 |  4.3
Fighting       | 4 |  4.4
Invocations    | 1 |  1.2
Armour         | |  3.6
Shields        | |  3.6

Action                   |  1- 3 |  4- 6 || total
-------------------------+-------+-------++-------
Melee: War axe           |    89 |    15 ||   104
       Headbutt          |    11 |     3 ||    14
Throw: Stone             |    51 |    13 ||    64
  Use: Potion            |       |     1 ||     1
  Eat: Chunk             |     3 |     1 ||     4
Armor: Scale mail        |    35 |     1 ||    36
Dodge: Dodged            |    27 |     2 ||    29
Block: Kite shield       |    41 |     4 ||    45

Table legend:
 A = Non-vault XP
 B = Vault XP
 C = Vault XP percentage of total XP
 D = Non-vault monster count
 E = Vault monster count
 F = Vault count percentage of total count
                 A         B        C        D         E       F
            +---------+---------+-------+---------+---------+-------
      Total |     111 |       0 |   0.0 |      46 |       0 |   0.0
            +---------+---------+-------+---------+---------+-------
        D:1 |      21 |       0 |   0.0 |      13 |       0 |   0.0
        D:2 |      38 |       0 |   0.0 |      19 |       0 |   0.0
        D:3 |      52 |       0 |   0.0 |      14 |       0 |   0.0
            +---------+---------+-------+---------+---------+-------

Levels and vault maps discovered:
D:1:      minmay_arrival_radiant_lines, layout_basic, serial_glass,
          glass_columns_b, glass_columns_b
D:2:      layout_basic, grunt_temple_overflow_order_and_chaos_2,
          lemuel_crystal_altar
D:3:      layout_basic, uniq_grinder

Table legend:
 A = Turns spent in this place as a percentage of turns spent in the entire game.
 B = Non-inter-level travel turns spent in this place as a percentage of non-inter-level travel turns spent in the entire game.
 C = Inter-level travel turns spent in this place as a percentage of turns spent in this place.
 D = Turns resting spent in this place as a percentage of non-inter-level travel turns spent in this place.
 E = Turns spent auto-exploring this place as a percentage of non-inter-level travel turns spent in this place.
 F = Non-inter-level travel turns spent in this place divided by the number of levels of this place that you've seen.
                   A       B       C       D       E      F
               +-------+-------+-------+-------+-------+----------------------
         Total | 100.0 | 100.0 |   1.5 |  13.0 |  73.0 | 700.3
       Dungeon | 100.0 | 100.0 |   1.5 |  13.0 |  73.0 | 700.3
               +-------+-------+-------+-------+-------+----------------------

Table legend:
 A = Kills in this place as a percentage of kills in entire the game.
 B = Kills by you in this place as a percentage of kills by you in the entire game.
 C = Kills by friends in this place as a percentage of kills by friends in the entire game.
 D = Other kills in this place as a percentage of other kills in the entire game.
 E = Experience gained in this place as a percentage of experience gained in the entire game.
 F = Experience gained in this place divided by the number of levels of this place that you have seen.
                   A       B       C       D       E      F
               +-------+-------+-------+-------+-------+----------------------
         Total | 100.0 | 100.0 |   N/A |   N/A | 100.0 |  37.0
       Dungeon | 100.0 | 100.0 |   N/A |   N/A | 100.0 |  37.0
               +-------+-------+-------+-------+-------+----------------------
